 Dungeon Crawl Stone Soup version 0.28.0-53-g5a82cb258f (webtiles) character file.

Game seed: 1043830551002253624

1344932 Sableheart the Metallomancer (level 27, 134/134 HPs)
             Began as a Gargoyle Earth Elementalist on Aug 10, 2022.
             Was the Champion of Vehumet.
             Escaped with the Orb
             ... and 3 runes on Aug 14, 2022!
             The game lasted 15:13:32 (111296 turns).

Sableheart the Metallomancer (GrEE)               Turns: 111296, Time: 15:13:33

Health: 134/134    AC: 50    Str: 18    XL:     27
Magic:  50/50      EV: 12    Int: 31    God:    Vehumet [******]
Gold:   4549       SH: 26    Dex: 12    Spells: 9/54 levels left

rFire   + + .      SeeInvis +   Q - staff of conjuration
rCold   + . .      Faith    .   M - +8 tower shield {rC+}
rNeg    + . .      Spirit   .   f - +1 fire dragon scales "Gyexon" {rF++ rC- SInv Stlth+}
rPois   ∞          Reflect  .   L - +2 hat
rElec   +          Harm     .   n - +1 cloak {Will+}
rCorr   .          Rampage  .   j - +2 pair of gloves {hurl}
Will    ++++.                   g - +5 pair of boots of Jigsaw {Str+3}
Stlth   ++........              e - amulet of magic regeneration
HPRegen 0.32/turn               z - ring of Ascent {Will+ MP+9 Dex+2}
MPRegen 0.72/turn               d - ring "Koku Jir" {rC+ Int+4}

@: flying
A: sickness immunity, AC +20, big wings, negative energy resistance 1,
electricity resistance, torment resistance 1, petrification resistance, frail 2,
no potion heal 1
0: Orb of Zot
}: 3/15 runes: serpentine, barnacled, silver
a: Renounce Religion


You escaped.
You worshipped Vehumet.
Vehumet was exalted by your worship.
You visited 9 branches of the dungeon, and saw 46 of its levels.
You visited the Abyss 1 time.
You visited 1 bazaar.
You also visited: Ossuary, Bailey, Ice Cave and Volcano.

You collected 8196 gold pieces.
You spent 3647 gold pieces at shops.

Inventory:

Hand Weapons
 N - the +8 trident "Lasum" {venom, rC+ rN+ SInv}
   (You took it off a tengu reaver on level 5 of the Vaults)

   It poisons the flesh of those it strikes.
   rC:        It protects you from cold.
   rN:        It protects you from negative energy.
   SInv:      It lets you see invisible.
Missiles
 c - 1373 stones
Armour
 f - the +1 fire dragon scales "Gyexon" (worn) {rF++ rC- SInv Stlth+}
   (You bought it in a shop on level 1 of the Dungeon)

   rF:        It greatly protects you from fire.
   rC:        It makes you vulnerable to cold.
   SInv:      It lets you see invisible.
   Stlth:     It makes you more stealthy.
 g - the +5 pair of boots of Jigsaw (worn) {Str+3}
   (You bought it in a shop on level 2 of the Orcish Mines)

   Str:       It affects your strength (+3).
 j - a +2 pair of gloves of hurling (worn)
 n - a +1 cloak of willpower (worn)
 C - a +5 kite shield of protection
 I - the +1 faerie dragon scales {Will- rCorr Int+9 Dex-4 Stlth+}
   (You took it off the Enchantress on level 1 of the Depths)

   Int:       It affects your intelligence (+9).
   Dex:       It affects your dexterity (-4).
   rCorr:     It protects you from acid and corrosion.
   Will:      It decreases your willpower.
   Stlth:     It makes you more stealthy.
 L - a +2 hat (worn)
 M - a +8 tower shield of cold resistance (worn)
Magical Staves
 B - a staff of earth
 Q - a staff of conjuration (weapon)
Jewellery
 d - the ring "Koku Jir" (right hand) {rC+ Int+4}
   (You acquired it on level 8 of the Dungeon)

   [ring of protection from cold]

   Int:       It affects your intelligence (+4).
   rC:        It protects you from cold.
 e - an amulet of magic regeneration (around neck)
 i - the ring of Coronation {rC+ MP+9 EV+4}
   (You took it off a merfolk aquamancer on level 4 of the Shoals)

   [ring of evasion]

   EV:        It affects your evasion (+4).
   rC:        It protects you from cold.
   MP:        It affects your magic capacity (+9).
 z - the ring of Ascent (left hand) {Will+ MP+9 Dex+2}
   (You acquired it on level 2 of the Depths)

   [ring of willpower]

   Dex:       It affects your dexterity (+2).
   MP:        It affects your magic capacity (+9).
   Will:      It increases your willpower.
 A - a ring of resist corrosion
Wands
 k - a wand of digging (9)
Scrolls
 b - 2 scrolls of magic mapping
 q - 31 scrolls of identify
 r - 9 scrolls of fear
 s - 18 scrolls of teleportation
 t - 5 scrolls of holy word
 v - 14 scrolls of amnesia
 x - 10 scrolls of fog
 y - 13 scrolls of blinking
 D - a scroll of brand weapon
 G - a scroll of silence
Potions
 a - 5 potions of resistance
 h - 21 potions of curing
 l - 5 potions of haste
 m - 7 potions of invisibility
 o - 12 potions of ambrosia
 u - 5 potions of mutation
 w - 9 potions of might
 E - 6 potions of cancellation
 H - 8 potions of brilliance
 K - 6 potions of heal wounds
Miscellaneous
 F - a phantom mirror


   Skills:
 + Level 15.7 Fighting
 + Level 15.4 Armour
 + Level 12.2 Dodging
 + Level 16.9 Stealth
 + Level 15.9 Shields
 + Level 14.1 Spellcasting
 * Level 22.0 Conjurations
 - Level 6.0 Translocations
 - Level 5.0 Transmutations
 + Level 18.1 Fire Magic
 * Level 24.2 Earth Magic


You had 9 spell levels left.
You knew the following spells:

 Your Spells              Type           Power      Damage    Failure   Level
a - Sandblast             Erth           100%       2d20      0%          1
b - Stone Arrow           Conj/Erth      100%       3d13      0%          3
c - Passwall              Tmut/Erth      70%        N/A       1%          2
d - Lehudib's Crystal Sp  Conj/Erth      64%        10d15     2%          8
e - Magic Dart            Conj           100%       1d8       0%          1
f - Conjure Flame         Conj/Fire      100%       6-21      0%          3
g - Lee's Rapid Deconstr  Erth           53%        3d26*     1%          5
h - Starburst             Conj/Fire      60%        6d16      1%          6
i - Fireball              Conj/Fire      60%        3d23      1%          5
j - Blink                 Tloc           100%       N/A       2%          2
k - Shatter               Erth           53%        3d40*     22%         9

Your spell library contained the following spells:

 Spells                   Type           Power      Damage    Failure   Level
 Ignition                 Fire           47%        3d13      19%         8
 Fire Storm               Conj/Fire      60%        8d15      73%         9
 Foxfire                  Conj/Fire      100%       2x1d9     0%          1
 Searing Ray              Conj           100%       2d8       0%          2
 Static Discharge         Conj/Air       94%        N/A       1%          2
 Inner Flame              Hex/Fire       67%        N/A       1%          3
 Mephitic Cloud           Conj/Pois/Air  79%        N/A       1%          3
 Animate Armour           Summ/Erth      100%       N/A       1%          4
 Flame Wave               Conj/Fire      100%       2d17      1%          4
 Fulminant Prism          Conj/Hex       47%        3d21      1%          4
 Iskenderun's Mystic Bla  Conj/Tloc      100%       2d19      1%          4
 Petrify                  Tmut/Erth      85%        N/A       1%          4
 Sticky Flame             Conj/Fire      100%       2d11      1%          4
 Irradiate                Conj/Tmut      51%        3d31      1%          5
 Iskenderun's Battlesphe  Conj           100%       2d15      1%          5
 Lightning Bolt           Conj/Air       47%        1d67      1%          5
 Iron Shot                Conj/Erth      64%        9d12      1%          6
 Orb of Destruction       Conj           63%        9d15      1%          7
 Wereblood                Tmut           52%        N/A       3%          2
 Borgnjor's Vile Clutch   Necr/Erth      38%        N/A       3%          5
 Gell's Gravitas          Tloc           56%        N/A       4%          3
 Lesser Beckoning         Tloc           56%        N/A       4%          3
 Teleport Other           Tloc           56%        N/A       4%          3
 Sting                    Tmut/Pois      100%       1d8       7%          1
 Poisonous Vapours        Pois/Air       42%        N/A       8%          2
 Conjure Ball Lightning   Conj/Air       47%        3x3d16    9%          6
 Passage of Golubria      Tloc           56%        N/A       16%         4
 Summon Small Mammal      Summ           84%        N/A       19%         1
 Spider Form              Tmut/Pois      37%        N/A       21%         3
 Call Imp                 Summ           21%        N/A       28%         2
 Corpse Rot               Necr/Air       42%        N/A       28%         2
 Ensorcelled Hibernation  Hex/Ice        42%        N/A       28%         2
 Spellforged Servitor     Conj/Summ      47%        N/A       38%         7
 Airstrike                Air            10%        N/A       41%         4
 Olgreb's Toxic Radiance  Pois           21%        N/A       41%         4
 Manifold Assault         Tloc           56%        N/A       41%         5
 Yara's Violent Unravell  Hex/Tmut       18%        3d9       41%         5
 Call Canine Familiar     Summ           21%        N/A       50%         3
 Confusing Touch          Hex            21%        N/A       50%         3
 Ozocubu's Armour         Ice            21%        N/A       50%         3
 Summon Guardian Golem    Hex/Summ       21%        N/A       50%         3
 Tukima's Dance           Hex            21%        N/A       50%         3
 Vampiric Draining        Necr           21%        2d7       50%         3
 Blade Hands              Tmut           26%        N/A       54%         5
 Summon Forest            Summ/Tloc      20%        N/A       83%         5
 Anguish                  Hex/Necr       10%        N/A       88%         4
 Animate Dead             Necr           10%        N/A       88%         4
 Cause Fear               Hex            10%        N/A       88%         4
 Dispel Undead            Necr           21%        3d11      88%         4
 Summon Lightning Spire   Summ/Air       21%        N/A       88%         4
 Eringya's Noxious Bog    Tmut/Pois      18%        N/A       91%         6
 Dispersal                Tloc           28%        N/A       94%         6
 Metabolic Englaciation   Hex/Ice        10%        N/A       99%         5
 Silence                  Hex/Air        10%        N/A       99%         5
 Summon Mana Viper        Hex/Summ       21%        N/A       99%         5
 Death Channel            Necr           10%        N/A       100%        6
 Dragon Form              Tmut           26%        N/A       100%        7
 Enfeeble                 Hex            10%        N/A       100%        7
 Ozocubu's Refrigeration  Ice            10%        4d7       100%        7
 Storm Form               Tmut/Air       18%        N/A       100%        7
 Summon Hydra             Summ           10%        N/A       100%        7
 Discord                  Hex            10%        N/A       100%        8
 Infestation              Necr           10%        N/A       100%        8
 Maxwell's Capacitive Co  Air            10%        ∞         100%        8
 Statue Form              Tmut/Erth      Unusable   N/A       N/A         6

Dungeon Overview and Level Annotations

Branches:
Dungeon (15/15)            Temple (1/1) D:7            Lair (6/6) D:10
 Shoals (4/4) Lair:4        Snake (4/4) Lair:4        Slime (0/5) Lair:5
    Orc (2/2) D:10            Elf (0/3) Orc:2        Vaults (5/5) D:13
  Crypt (0/3) Vaults:3     Depths (4/4) D:15            Zot (5/5) Depths:4
Ossuary (visited)          Bailey (visited)           IceCv (visited)
Volcano (visited)

Altars:
Ashenzari
Cheibriados
Dithmenos
Elyvilon
Fedhas
Gozag
Hepliaklqana
Kikubaaqudgha
Makhleb
Nemelex Xobeh
Okawaru
Qazlal
Ru
Sif Muna
Trog
Uskayaw
Vehumet
Wu Jian
Xom
Yredelemnul
Zin
The Shining One
Beogh
Jiyva

Shops:
D:1 *[([*   D:7 *   D:14 *   Orc:2 *:([*   Shoals:1 (**[   Shoals:2 *:((*
Vaults:1 :   Vaults:3 *   Vaults:5 !!

Portals:
Hell: Depths:1 Depths:2 Depths:3 Depths:4
Abyss: Depths:3
Pandemonium: Depths:1 Depths:2
Ziggurat: Depths:2
Trove: D:15 (lose all piety)

Annotations:
Depths:4 3 runed translucent doors, Picag's ghost, legendary MiBe
Zot:4 3 runed translucent doors, Fusonup's ghost, veteran MiBe; Snilsmaster12's ghost, legendary VSFi
Zot:5 1 runed translucent door, kulik242's ghost, legendary MiHu


Innate Abilities, Weirdness & Mutations

You are immune to sickness and miasma.
Your stone body is resilient. (AC +20)
You are immune to poison.
Your large and strong wings let you fly.
You resist negative energy. (rN+)
You are resistant to electric shocks. (rElec)
You are resistant to unholy torment.
You are immune to petrification.
You are very frail. (-20% HP)
Potions are less effective at restoring your health.


Message History

There is a stone staircase leading down here.
There is a stone staircase leading up here.
You start resting. 3 golden eyes come into view.
Casting: Passwall (safe; 1% risk of failure)
Confirm with . or Enter, or press ? or * to list all spells.
Aiming: Lehudib's Crystal Spear (dangerous; 2% risk of failure)
Press: ? - help, Shift-Dir - straight line, f - golden eye
Aim: a golden eye (63% to hit)
You feel a surge of power!
The crystal spear hits the golden eye!!!!
You kill the golden eye!
Vehumet accepts your kill.
You feel your power returning.
You fly upwards.
There is a stone staircase leading down here.
You reach down and open the door.
There is an open door here.
There is an open door here.
There is a stone staircase leading up here.
You start resting.
HP restored.
You fly upwards.
There is a stone staircase leading down here.
There is a stone staircase leading up here.
You fly upwards.
There is a stone staircase leading down here.
Casting: Lehudib's Crystal Spear (dangerous; 2% risk of failure)
Confirm with . or Enter, or press ? or * to list all spells.
Aiming: Passwall (safe; 1% risk of failure)
Press: ? - help, Dir - move target A rock wall.
This square is covered in magical glow.
You begin to meditate on the wall.
You continue meditating on the rock. x2
Magic restored.
You continue meditating on the rock.
You finish merging with the rock.
There is an open door here.
There is a staircase leading out of the dungeon here.
You have escaped!

.........#################...#
...>.....# ######## ##..####
........## ####......####
#...... ........#
##............####.####
........###....####......# #.#
........##....#######....###.#
#......###...##.....##....##.#
#......###..###.##..###....#.#
#.......##..###.@##..##....#.#
##......###..#'###...##....#.#
#.......##...###...###....#.#
##......###........##....##.#
#.......####....###.....##.#
##........########.....###.# #
##.........####......## #.# ##
##.................## #.#
.#######.............### #.#


There were no monsters in sight!

Vanquished Creatures
  3 ancient liches
  2 dread liches
  9 orbs of fire (Zot:5)
  A pandemonium lord (Depths:1)
  Mara (Depths:1)
  3 juggernauts (Depths:3)
  5 Killer Klowns
  3 curse toes (Zot:5)
  Margery (Vaults:2)
  The ghost of destino the Eclecticist, an adept DEEE of Vehumet (Vaults:4)
  Xtahua (Vaults:2)
  the Enchantress (Depths:1)
  11 golden dragons
  Nikola (Shoals:4)
  3 bone dragons
  2 Tzitzimimeh (Depths:2)
  Rupert (Lair:4)
  2 Ice Fiends
  13 tentacled monstrosities
  Jorgrun (D:12)
  25 Orb Guardians
  5 electric golems
  A walking divine tome (Depths:3)
  5 titans (Vaults:5)
  4 liches
  Asterion (Depths:1)
  A tentacled starspawn (Abyss:3)
  8 quicksilver dragons
  A kraken (Shoals:3)
  3 sphinxes
  A walking frostbound tome (Depths:3)
  8 death cobs
  14 storm dragons
  Roxanne (Shoals:2)
  5 draconian monks
  10 tengu reavers
  9 shadow dragons
  An emperor scorpion (D:15)
  8 draconian knights
  6 frost giants
  Ilsuiw (Shoals:3)
  3 orc warlords
  4 deep elf sorcerers
  2 balrugs
  2 nagarajas (Snake:4)
  12 vault wardens
  5 fire giants
  A caustic shrike zombie (Depths:3)
  2 ghouls
  3 iron dragons
  2 ghost moths
  The ghost of Rexfelis the Severer, a journeyman MiBe of Trog (Lair:5)
  5 draconian scorchers
  25 ironbound preservers
  4 spriggan defenders
  2 war gargoyles
  2 juggernaut zombies
  3 draconian stormcallers
  6 draconian shifters
  A juggernaut skeleton (Depths:3)
  9 ironbound thunderhulks
  18 very ugly things
  2 caustic shrike skeletons (Depths:3)
  7 stone giants
  6 draconian annihilators
  An eleionoma (shapeshifter) (Depths:3)
  11 green draconians
  A starcursed mass (Abyss:3)
  2 vampire knights
  3 deep elf demonologists
  10 black draconians
  A bunyip (shapeshifter) (Vaults:4)
  7 red draconians
  4 spark wasps (Depths:4)
  13 dire elephants
  2 deep elf annihilators
  5 yellow draconians
  14 white draconians
  12 purple draconians
  The ghost of Siddir the Blocker, a journeyman MiBe of Trog (Snake:3)
  2 crystal guardians (Vaults:4)
  A deep elf death mage (Depths:4)
  9 merfolk javelineers
  16 ettins
  A blizzard demon (Depths:1)
  9 merfolk impalers
  6 fire dragons
  23 yaktaur captains
  9 great orbs of eyes
  37 vault guards
  Josephine (D:13)
  A rakshasa (Depths:1)
  Harold (D:8)
  3 deep elf high priests
  5 ice dragons
  A caustic shrike simulacrum (IceCv)
  6 anacondas
  A hell beast (Depths:2)
  3 peacekeepers
  6 salamander tyrants
  A spriggan skeleton (Depths:3)
  4 boulder beetles
  A merfolk avatar (Shoals:2)
  11 ironbound frosthearts
  A catoblepas (D:13)
  7 spriggan air magi
  12 naga warriors
  16 centaur warriors
  A death knight (D:11)
  11 hydras
  2 alligator snapping turtles
  5 merfolk aquamancers
  6 ogre magi
  A two-headed ogre (shapeshifter) (Depths:3)
  7 tengu warriors
  13 two-headed ogres
  6 deep troll shamans
  A satyr (Shoals:3)
  Urug (Lair:5)
  An orc high priest (Orc:2)
  4 death yaks (Lair:6)
  10 deep troll earth magi
  4 vampire magi
  4 thrashing horrors (Abyss:3)
  4 shock serpents
  4 spriggan berserkers
  2 storm dragon zombies (Depths:3)
  3 sun demons (Depths:1)
  2 soul eaters
  5 spriggans
  16 hell knights
  7 salamander mystics
  A sixfirhy (Depths:1)
  2 wretched stars (Abyss:3)
  7 iron trolls
  13 naga sharpshooters
  7 skeletal warriors
  14 sea snakes
  A flayed ghost (Vaults:3)
  A golden dragon zombie (Depths:3)
  A bog body (IceCv)
  3 obsidian statues
  A deep troll (shapeshifter) (Vaults:5)
  81 deep trolls
  A shadow wraith (Vaults:3)
  A storm dragon skeleton (Depths:3)
  Pikel (D:6)
  11 wizards
  7 spriggan simulacra
  9 naga ritualists
  A wolf spider zombie (D:15)
  6 phantasmal warriors
  A shadow dragon zombie (Depths:3)
  14 harpies
  A tengu zombie (Vaults:2)
  5 deep elf pyromancers
  10 necromancers
  15 ironbound convokers
  7 orc knights
  A glowing orange brain (Depths:1)
  2 deep elf archers (Vaults:2)
  3 deep elf zephyrmancers
  A golden dragon skeleton (Depths:3)
  15 lindwurms
  3 orc sorcerers (Orc:2)
  2 shadow dragon skeletons (Depths:3)
  A sphinx zombie (Depths:3)
  A wolf spider (Lair:6)
  37 ugly things
  7 mana vipers
  13 cyclopes
  The ghost of ptr the Jinx, a novice FeEn of Vehumet (Lair:3)
  A mana viper (shapeshifter) (Vaults:4)
  24 moths of wrath
  12 manticores
  2 tengu skeletons
  26 slime creatures
  4 oklob plants (Lair:5)
  9 fauns
  A cyclops (shapeshifter) (Vaults:5)
  12 salamanders
  6 merfolk sirens
  2 stone giant skeletons (Vaults:2)
  An iron dragon skeleton (Depths:3)
  2 elephants (Lair:6)
  18 water nymphs
  A frost giant skeleton (Depths:3)
  19 naga magi
  A smoke demon (Depths:1)
  29 black mambas
  17 vault sentinels
  3 gargoyles
  Joseph (D:7)
  An orange demon (Abyss:3)
  A molten gargoyle (Volcano)
  10 cane toads
  6 rime drakes
  3 torpor snails (Lair:6)
  A hellion (Depths:1)
  9 komodo dragons
  A yaktaur zombie (Vaults:2)
  6 spriggan zombies
  3 hellwings
  5 entropy weaver simulacra (IceCv)
  2 kobold demonologists
  4 freezing wraiths
  12 ice devils
  2 golden dragon simulacra (IceCv)
  24 yaktaurs
  2 anaconda simulacra (IceCv)
  An efreet (Volcano)
  2 red devils
  25 merfolk
  7 trolls
  10 polar bears
  3 meliai (D:13)
  A queen bee (D:13)
  12 wind drakes
  11 blink frogs
  An ettin zombie (Vaults:2)
  10 hornets
  A tyrant leech (shapeshifter) (Vaults:5)
  12 dream sheep
  Prince Ribbit (D:8)
  A fire giant simulacrum (Depths:1)
  7 snapping turtles
  A snapping turtle (shapeshifter) (D:15)
  4 raiju (Lair:6)
  A meliai zombie (D:15)
  4 air elementals (Shoals:4)
  2 human simulacra (Vaults:2)
  Sigmund (D:4)
  2 fire elementals (Volcano)
  23 water elementals
  A shadow (D:12)
  2 dire elephant simulacra (IceCv)
  3 wyverns
  63 yaks
  2 fire bats (Volcano)
  3 neqoxecs (Depths:2)
  9 wraiths
  An elf skeleton (Vaults:2)
  A basilisk (shapeshifter) (Vaults:5)
  7 golden eyes
  6 basilisks
  A chaos spawn (Depths:2)
  4 vampire mosquitoes
  8 minotaur simulacra (IceCv)
  3 steam dragons
  9 wargs
  2 acid dragons
  2 harpy simulacra (IceCv)
  44 nagas
  A hydra simulacrum (IceCv)
  15 hell hounds
  18 water moccasins
  An ogre skeleton (Vaults:2)
  41 orc warriors
  3 large abominations (Abyss:3)
  An ettin simulacrum (IceCv)
  2 alligator simulacra (IceCv)
  9 ogres
  4 sky beasts
  17 black bears
  8 centaurs
  33 wolves
  8 kobold brigands
  Blork the orc (Orc:2)
  A glowing shapeshifter simulacrum (Depths:3)
  An earth elemental (Volcano)
  11 bullfrogs
  3 small abominations (Abyss:3)
  2 gnoll sergeants (D:10)
  11 scorpions
  7 deep troll simulacra (IceCv)
  2 water moccasin zombies (D:5)
  3 lindwurm simulacra (IceCv)
  31 killer bees
  3 electric eels (Snake:1)
  12 wights
  2 howler monkeys (D:9)
  7 centaur zombies
  3 human zombies (Ossuary)
  3 lava snakes (Volcano)
  A gnoll shaman (D:7)
  A centaur skeleton (D:6)
  2 hounds
  8 jellies
  21 orc priests
  Crazy Yiuf (D:7)
  A bullfrog skeleton (D:6)
  3 iguanas
  17 orc wizards
  A scorpion zombie (Ossuary)
  5 mummies
  2 howler monkey skeletons
  9 gnolls
  6 adders
  2 ufetubi
  An adder skeleton (D:4)
  2 worms (D:2)
  3 dart slugs
  80 orcs
  5 ball pythons
  11 endoplasms
  3 giant cockroaches
  17 goblins
  9 hobgoblins
  2 jackals (D:2)
  28 kobolds
  A quokka (D:1)
  4 bats
  4 frilled lizards
  A gnoll zombie (Ossuary)
  2 goblin zombies (Ossuary)
  4 hobgoblin zombies (Ossuary)
  A kobold zombie (Ossuary)
  4 orc zombies (Ossuary)
  8 rats
  A lurking horror (Abyss:3)
  2 starspawn tentacles (Abyss:3)
2154 creatures vanquished.

Vanquished Creatures (others)
  A white draconian (Zot:5)
  2 manticores
  A kobold brigand (D:11)
  28 fungi
  184 plants
  A starspawn tentacle (Abyss:3)
  8 tentacles (Shoals:3)
  2 toadstools (D:13)
  4 withered plants (D:15)
231 creatures vanquished.

Grand Total: 2385 creatures vanquished

Notes
Turn   | Place    | Note
-------+----------+-------------------------------------------
     0 | D:1      | Sableheart the Gargoyle Earth Elementalist began the quest
                  | for the Orb.
     0 | D:1      | Reached XP level 1. HP: 10/10 MP: 3/3
    90 | D:1      | Found Naaposiwoh's Antique Weapon Shoppe.
   355 | D:1      | Found Xuink's General Store.
   451 | D:1      | Found Weuschi's Antique Armour Emporium.
   462 | D:1      | Reached skill level 1 in Transmutations
   509 | D:1      | Reached skill level 4 in Earth Magic
   509 | D:1      | Reached XP level 2. HP: 15/15 MP: 3/5
   535 | D:1      | Learned a level 2 spell: Passwall
   590 | D:1      | Found Echunaev's General Store.
   882 | D:1      | Found Fuej's Antique Armour Boutique.
  1114 | D:1      | Reached XP level 3. HP: 19/19 MP: 3/6
  1118 | D:1      | Learned a level 3 spell: Stone Arrow
  2084 | D:2      | Reached XP level 4. HP: 24/24 MP: 7/7
  2124 | D:2      | Found a glowing golden altar of the Shining One.
  2319 | D:2      | Reached skill level 5 in Earth Magic
  3374 | D:4      | Reached XP level 5. HP: 28/28 MP: 4/9
  3448 | D:4      | Noticed Sigmund
  3453 | D:4      | Killed Sigmund
  3454 | D:4      | Reached skill level 1 in Conjurations
  3454 | D:4      | Reached skill level 6 in Earth Magic
  3454 | D:4      | Reached XP level 6. HP: 31/32 MP: 5/10
  3553 | D:4      | Found a burning altar of Makhleb.
  3582 | D:4      | Learned a level 4 spell: Flame Wave
  3835 | D:1      | Bought a pair of runed gloves for 172 gold pieces
  4366 | D:5      | Entered Level 5 of the Dungeon
  4476 | D:5      | Reached skill level 1 in Fire Magic
  4476 | D:5      | Reached XP level 7. HP: 36/36 MP: 8/12
  5143 | D:6      | Reached skill level 7 in Earth Magic
  5635 | D:6      | Reached XP level 8. HP: 41/41 MP: 10/13
  5778 | D:1      | Bought a shiny buckler for 165 gold pieces
  6022 | D:6      | Noticed Pikel
  6296 | D:6      | Killed Pikel
  6297 | D:6      | Reached skill level 1 in Shields
  6527 | D:6      | Reached skill level 8 in Earth Magic
  6625 | D:6      | Learned a level 1 spell: Magic Dart
  6910 | D:7      | Noticed Joseph
  6924 | D:7      | Reached skill level 5 in Conjurations
  6924 | D:7      | Reached XP level 9. HP: 45/45 MP: 3/15
  6933 | D:7      | Found a sand-covered staircase.
  6942 | Ossuary  | Entered an ossuary
  8210 | D:7      | Reached skill level 5 in Fire Magic
  8493 | D:7      | Killed Joseph
  8494 | D:7      | Reached skill level 9 in Earth Magic
  8665 | D:7      | Learned a level 3 spell: Conjure Flame
  8912 | D:7      | You fall into a shaft and drop 1 floor!
  8919 | D:8      | Identified a scroll of acquirement
  8920 | D:8      | Acquired the ring "Koku Jir" {rC+ Int+4}
  8967 | D:8      | Reached skill level 5 in Spellcasting
  8976 | D:8      | Reached XP level 10. HP: 36/51 MP: 0/17
  9087 | D:8      | Found a flagged portal.
  9103 | D:8      | Reached skill level 1 in Armour
  9185 | Bailey   | Entered a bailey
  9252 | Bailey   | Noticed an orc warlord
  9697 | Bailey   | Found a runed translucent gate.
  9699 | Bailey   | Found a runed translucent gate.
  9701 | Bailey   | Found a runed translucent gate.
  9717 | Bailey   | Reached skill level 1 in Fighting
 10010 | Bailey   | Killed an orc warlord
 10167 | D:8      | Reached skill level 10 in Earth Magic
 10167 | D:8      | Reached XP level 11. HP: 60/60 MP: 17/19
 10383 | D:7      | Found a staircase to the Ecumenical Temple.
 10406 | Temple   | Entered the Ecumenical Temple
 10552 | Temple   | Became a worshipper of Vehumet
 10653 | D:7      | Found Loptee's Luxury Loot.
 10943 | D:7      | Found a runed translucent door.
 10944 | D:7      | Noticed Crazy Yiuf
 10948 | D:7      | Killed Crazy Yiuf
 11220 | D:8      | Noticed Prince Ribbit
 11227 | D:8      | Killed Prince Ribbit
 11404 | D:8      | Noticed Harold
 11486 | D:8      | Killed Harold
 11487 | D:8      | Reached skill level 5 in Shields
 12470 | D:9      | Reached skill level 11 in Earth Magic
 12913 | D:8      | Reached * piety under Vehumet
 12913 | D:8      | Offered knowledge of Freeze by Vehumet.
 13116 | D:9      | Reached skill level 5 in Transmutations
 13327 | D:10     | Entered Level 10 of the Dungeon
 13592 | D:9      | Reached skill level 5 in Stealth
 13632 | D:9      | Reached XP level 12. HP: 61/67 MP: 9/21
 14382 | D:10     | Reached ** piety under Vehumet
 14520 | D:10     | Offered knowledge of Shock by Vehumet.
 14744 | D:10     | Found a staircase to the Lair.
 14848 | D:10     | Identified the +1 hand axe of Bloody Death {chaos, Contam
                  | rPois rF+ rN++}
 14961 | D:10     | Found a staircase to the Orcish Mines.
 16049 | Lair:1   | Entered Level 1 of the Lair of Beasts
 16557 | Lair:1   | Reached skill level 5 in Fighting
 17314 | Lair:1   | Noticed a seven-headed hydra
 17330 | Lair:1   | Killed a seven-headed hydra
 17331 | Lair:1   | Reached skill level 5 in Armour
 17513 | Lair:1   | Identified the +7 rapier "Vidits" {elec, SInv}
 17737 | Lair:1   | Reached skill level 12 in Earth Magic
 18207 | Lair:2   | Offered knowledge of Searing Ray by Vehumet.
 18344 | Lair:2   | Identified the +3 leather armour "Damnable Contraption"
                  | {rC++ Regen+}
 19406 | Lair:3   | Found a dark tunnel.
 19413 | Lair:3   | Reached *** piety under Vehumet
 19416 | Lair:3   | Reached XP level 13. HP: 72/73 MP: 4/22
 19514 | Volcano  | Entered a volcano
 19826 | Volcano  | Found a radiant altar of Vehumet.
 19836 | Volcano  | Reached skill level 10 in Conjurations
 19867 | Volcano  | Noticed a stone giant
 20007 | Volcano  | Killed a stone giant
 21094 | Lair:3   | Offered knowledge of Dazzling Flash by Vehumet.
 21443 | Lair:3   | Found a runed translucent gate.
 21443 | Lair:3   | Found a runed translucent gate.
 21444 | Lair:3   | Found a runed translucent gate.
 21445 | Lair:3   | Noticed ptr's ghost (novice FeEn)
 21495 | Lair:3   | Found a viscous altar of Jiyva.
 21529 | Lair:3   | Killed ptr's ghost
 22198 | Lair:4   | Found a staircase to the Snake Pit.
 22999 | Lair:4   | Found a staircase to the Shoals.
 23015 | Lair:4   | Reached **** piety under Vehumet
 23016 | Lair:4   | Reached skill level 13 in Earth Magic
 23284 | Lair:4   | Found a blossoming altar of Fedhas.
 23869 | Lair:4   | Reached skill level 5 in Dodging
 24046 | Lair:4   | Offered knowledge of Lee's Rapid Deconstruction by Vehumet.
 24053 | Lair:4   | Learned a level 5 spell: Lee's Rapid Deconstruction
 24506 | Lair:5   | Found a staircase to the Slime Pits.
 24507 | Lair:5   | Found a viscous altar of Jiyva.
 24689 | Lair:5   | Noticed Rupert
 24930 | Lair:5   | Noticed Urug
 24981 | Lair:5   | Killed Urug
 24982 | Lair:5   | Reached skill level 10 in Fire Magic
 25156 | Lair:5   | Gained mutation: Your large and strong wings let you fly.
                  | [Gargoyle growth]
 25156 | Lair:5   | Reached XP level 14. HP: 80/80 MP: 11/24
 25501 | Lair:4   | Killed Rupert
 27269 | D:11     | Reached ***** piety under Vehumet
 27269 | D:11     | Offered knowledge of Starburst by Vehumet.
 27337 | D:11     | Learned a level 6 spell: Starburst
 28557 | D:12     | Noticed Jorgrun
 28767 | D:12     | Killed Jorgrun
 30547 | D:13     | Reached skill level 14 in Earth Magic
 31414 | D:13     | Identified the +5 chain mail "Baamoxt" {Str+4 SInv}
 31441 | D:13     | Found a gate to the Vaults.
 32094 | D:13     | Reached XP level 15. HP: 86/86 MP: 14/26
 32162 | D:13     | Noticed Josephine
 32170 | D:13     | Killed Josephine
 32826 | D:14     | Found a frozen archway.
 32830 | IceCv    | Entered an ice cave
 32833 | IceCv    | Offered knowledge of Eringya's Noxious Bog by Vehumet.
 33741 | IceCv    | Found the +4 skin of Zhor {*Englaciate rC+++ SInv}
 33902 | IceCv    | Noticed an Ice Fiend
 33908 | IceCv    | Killed an Ice Fiend
 34000 | IceCv    | Identified the amulet of Wonder {+Blink rC- Regen+ MP+9
                  | Dex-4}
 34005 | IceCv    | Got the Handbook of Stolen Souls
 35175 | D:14     | Found Rirphoagi's Overcharged Wands.
 35639 | D:1      | Bought glimmering fire dragon scales for 1495 gold pieces
 35639 | D:1      | Identified the +1 fire dragon scales "Gyexon" {rF++ rC-
                  | SInv Stlth+} (You bought it in a shop on level 1 of the
                  | Dungeon)
 35884 | Orc:1    | Entered Level 1 of the Orcish Mines
 35886 | Orc:1    | Offered knowledge of Fireball by Vehumet.
 36078 | Orc:2    | Entered Level 2 of the Orcish Mines
 36087 | Orc:1    | Learned a level 5 spell: Fireball
 36157 | Orc:2    | Found Qusk's General Store.
 36371 | Orc:2    | Noticed an orc warlord
 36534 | Orc:2    | Killed an orc warlord
 37050 | Orc:2    | Noticed an orc warlord
 37083 | Orc:2    | Reached skill level 15 in Earth Magic
 37395 | Orc:2    | Killed an orc warlord
 37735 | Orc:2    | Noticed Blork the orc
 37737 | Orc:2    | Killed Blork the orc
 38513 | Orc:2    | Found Povithrec's Antique Weapon Emporium.
 38519 | Orc:2    | Found Foivibeu's General Store.
 38528 | Orc:2    | Found Amoatt's Book Emporium.
 38577 | Orc:2    | Found a staircase to the Elven Halls.
 38682 | Orc:2    | Found Zeetogg's Antique Armour Emporium.
 38722 | Orc:2    | Bought the +5 pair of boots of Jigsaw {Str+3} for 470 gold
                  | pieces
 39267 | Orc:1    | Reached XP level 16. HP: 94/94 MP: 20/28
 39584 | Orc:2    | Bought a pair of embroidered gloves for 247 gold pieces
 40066 | D:14     | Offered knowledge of Irradiate by Vehumet.
 40796 | D:15     | Entered Level 15 of the Dungeon
 40978 | D:15     | Paralysed by an ogre mage for 6 turns
 41754 | D:15     | Found a portal to a secret trove of treasure.
 42371 | D:15     | Found a staircase to the Depths.
 43628 | Lair:6   | Entered Level 6 of the Lair of Beasts
 44123 | Lair:6   | Offered knowledge of Conjure Ball Lightning by Vehumet.
 44851 | Lair:6   | Found a runed translucent gate.
 44851 | Lair:6   | Found a runed translucent gate.
 44853 | Lair:6   | Found a runed translucent gate.
 44853 | Lair:6   | Noticed Rexfelis's ghost (journeyman MiBe)
 45566 | Lair:6   | Acquired the Reference Book on Hurtful Malediction
 45620 | Lair:6   | Reached skill level 16 in Earth Magic
 45859 | Lair:6   | Reached skill level 10 in Stealth
 46218 | Lair:6   | Reached XP level 17. HP: 96/100 MP: 20/29
 46486 | Lair:6   | Offered knowledge of Iskenderun's Battlesphere by Vehumet.
 48464 | Lair:5   | Killed Rexfelis's ghost
 48745 | Snake:1  | Entered Level 1 of the Snake Pit
 49655 | Snake:1  | Offered knowledge of Maxwell's Capacitive Coupling by
                  | Vehumet.
 50700 | Snake:1  | Reached skill level 10 in Shields
 52961 | Snake:3  | Found a transporter.
 54035 | Snake:3  | Found a transporter.
 54039 | Snake:3  | Noticed Siddir's ghost (journeyman MiBe)
 54481 | Snake:3  | Identified the +8 chain mail of Catatonia {SInv}
 54755 | Snake:3  | Found a bloodstained altar of Trog.
 55003 | Snake:4  | Entered Level 4 of the Snake Pit
 55011 | Snake:4  | Reached XP level 18. HP: 64/107 MP: 16/31
 55637 | Snake:4  | Reached skill level 17 in Earth Magic
 55717 | Snake:4  | Reached skill level 10 in Fighting
 56238 | Snake:4  | Reached ****** piety under Vehumet
 57147 | Snake:4  | Reached skill level 15 in Conjurations
 58067 | Snake:4  | Got a serpentine rune of Zot
 58165 | Snake:3  | Offered knowledge of Fire Storm by Vehumet.
 58165 | Snake:3  | Offered knowledge of Shatter by Vehumet.
 58165 | Snake:3  | Offered knowledge of Ignition by Vehumet.
 58522 | Snake:3  | Killed Siddir's ghost
 58793 | Shoals:1 | Entered Level 1 of the Shoals
 59555 | Shoals:1 | Found Vafinuce's Visitors' Centre.
 59555 | Shoals:1 | Found Vafinuce's Merfolk Weapons.
 59562 | Shoals:1 | Found Vafinuce's Merfolk Magic.
 59562 | Shoals:1 | Found Vafinuce's Merfolk Armours.
 60354 | Shoals:2 | Found Japn's Book Shop.
 60387 | Shoals:2 | Found Izyrhamygi's Assorted Antiques.
 60429 | Shoals:2 | Found Omozew's Weapon Shoppe.
 60728 | Shoals:2 | Found Etydischul's Antique Weapon Boutique.
 60763 | Shoals:2 | Noticed Roxanne
 60883 | Shoals:2 | Killed Roxanne
 61333 | Shoals:2 | Found Unoqyl's General Store.
 61502 | Shoals:3 | Noticed Ilsuiw
 61509 | Shoals:3 | Killed Ilsuiw
 62065 | Shoals:3 | Reached skill level 10 in Spellcasting
 62069 | Shoals:3 | Reached XP level 19. HP: 113/113 MP: 7/33
 63601 | Shoals:4 | Entered Level 4 of the Shoals
 63601 | Shoals:4 | Found a stormy altar of Qazlal.
 64036 | Shoals:4 | Identified the ring of Coronation {rC+ MP+9 EV+4}
 64132 | Shoals:4 | Reached skill level 10 in Armour
 64229 | Shoals:4 | Identified the ring of Light {AC+4 Dex+3}
 64469 | Shoals:4 | Identified the +6 flail of Xaodd {antimagic, Int+4}
 64606 | Shoals:4 | Found a hide-covered altar of Uskayaw.
 64765 | Shoals:4 | Reached skill level 18 in Earth Magic
 66025 | Shoals:4 | Got a barnacled rune of Zot
 66027 | Shoals:4 | Got the Compendium of the Okapi
 66106 | Shoals:4 | Noticed Nikola
 66112 | Shoals:4 | Paralysed by an air elemental for 1 turns
 66117 | Shoals:4 | Killed Nikola
 66977 | Vaults:1 | Entered Level 1 of the Vaults
 69017 | Vaults:1 | Found Went's Book Shop.
 69172 | Vaults:1 | Reached skill level 15 in Fire Magic
 69172 | Vaults:1 | Reached XP level 20. HP: 119/120 MP: 25/34
 69293 | Vaults:1 | Learned a level 8 spell: Lehudib's Crystal Spear
 69865 | Vaults:2 | Noticed Margery
 70550 | Vaults:2 | Noticed Xtahua
 72102 | Vaults:2 | Killed Margery
 72423 | Vaults:2 | Reached skill level 19 in Earth Magic
 73457 | Vaults:2 | Killed Xtahua
 74706 | Vaults:2 | Reached XP level 21. HP: 126/126 MP: 21/36
 75069 | Vaults:2 | Found the +10 tower shield of Ignorance {rN+ Int-4}
 75741 | Vaults:3 | Noticed an ancient lich
 77280 | Vaults:3 | Killed an ancient lich
 77515 | Vaults:3 | Found Sooladgh's General Store.
 77546 | Vaults:3 | Found a staircase to the Crypt.
 77785 | Vaults:3 | Identified the ring "Bap Tacea" {Will- EV+4 Int+3 Dex+5
                  | SInv}
 78724 | Vaults:4 | Reached skill level 20 in Earth Magic
 79373 | Vaults:4 | Noticed destino's ghost (adept DEEE)
 79374 | Vaults:4 | Found a large runed translucent door.
 79374 | Vaults:4 | Found a large runed translucent door.
 79406 | Vaults:4 | Reached XP level 22. HP: 133/133 MP: 20/37
 80101 | Vaults:4 | Learned a level 2 spell: Blink
 81236 | Depths:1 | Entered Level 1 of the Depths
 82037 | Depths:1 | Reached skill level 1 in Translocations
 82597 | Depths:1 | Noticed Mara
 82608 | Depths:1 | Noticed Sableheart's illusion
 82611 | Depths:1 | Noticed Sableheart's illusion
 82932 | Depths:1 | Noticed Sableheart's illusion
 83080 | Depths:1 | Noticed Sableheart's illusion
 83879 | Depths:1 | Noticed Sableheart's illusion
 83879 | Depths:1 | Killed Mara
 85173 | Depths:1 | Found a hide-covered altar of Uskayaw.
 85182 | Depths:1 | Found a one-way gate leading to the halls of Pandemonium.
 85419 | Depths:1 | Found a glowing silver altar of Zin.
 85419 | Depths:1 | Found a glowing golden altar of the Shining One.
 85420 | Depths:1 | Found a white marble altar of Elyvilon.
 85427 | Depths:1 | Noticed Asterion
 85435 | Depths:1 | Killed Asterion
 85436 | Depths:1 | Reached skill level 10 in Dodging
 85803 | Depths:1 | Found a gateway to Hell.
 86503 | Depths:2 | Noticed the Enchantress
 87084 | Depths:1 | Killed the Enchantress
 87520 | Depths:2 | Gained mutation: You occasionally shout uncontrollably at
                  | your foes. [a neqoxec]
 87524 | Depths:2 | Identified the +9 flail "Gyipiyt" {venom, Fragile rElec
                  | rF++ Will+++}
 88115 | Depths:2 | Found a one-way gateway to a ziggurat.
 88320 | Depths:2 | Reached XP level 23. HP: 139/140 MP: 34/39
 88614 | Depths:2 | Identified the +7 falchion of Qumpee {vorpal, rCorr Str+2
                  | Int+2}
 88622 | Depths:2 | Identified the +4 scimitar "Uqa Lylonu" {pain, rF+ Str+4}
 88628 | Depths:2 | Acquired the ring of Ascent {Will+ MP+9 Dex+2}
 88629 | Depths:2 | Acquired 610 gold pieces
 88986 | Depths:3 | Found a one-way gate to the infinite horrors of the Abyss.
 89075 | Depths:3 | Reached skill level 21 in Earth Magic
 89997 | Depths:3 | Found the +9 sword of Zonguldrok {reap}
 90169 | Depths:3 | Noticed a juggernaut
 90180 | Depths:3 | Killed a juggernaut
 90619 | Depths:3 | Noticed a golden dragon
 90625 | Depths:3 | Killed a golden dragon
 90706 | Depths:3 | Noticed a juggernaut
 90716 | Depths:3 | Killed a juggernaut
 91211 | Shoals:1 | Bought a +2 helmet of see invisible for 365 gold pieces
 92512 | Depths:3 | Noticed a juggernaut
 92518 | Depths:3 | Noticed a dread lich
 92712 | Depths:3 | Killed a juggernaut
 92998 | Depths:3 | Learned a level 9 spell: Shatter
 93119 | Depths:3 | Paralysed by a dread lich for 6 turns
 93619 | Depths:3 | Killed a dread lich
 93767 | Depths:4 | Entered Level 4 of the Depths
 94026 | Depths:4 | Found a gate to the Realm of Zot.
 94064 | Depths:4 | Noticed a golden dragon
 94147 | Depths:4 | Killed a golden dragon
 94222 | Depths:4 | Found a flickering gateway to a bazaar.
 94233 | Bazaar   | Entered a bazaar
 94233 | Bazaar   | Found Uwiplig's Armour Boutique.
 94233 | Bazaar   | Found Xokuo's Weapon Shop.
 94233 | Bazaar   | Found Fynt's Armour Shop.
 94649 | Depths:4 | Reached XP level 24. HP: 138/147 MP: 25/39
 95013 | Depths:4 | Noticed an ancient lich
 95020 | Depths:4 | Killed an ancient lich
 95046 | Depths:4 | Got Vehumet's Collected Works on Arcane Weapons
 95347 | Depths:4 | Found a runed translucent gate.
 95348 | Depths:4 | Found a runed translucent gate.
 95350 | Depths:4 | Found a runed translucent gate.
 95355 | Depths:4 | Noticed Picag's ghost (legendary MiBe)
 95754 | Vaults:4 | Killed destino's ghost
 96370 | Vaults:5 | Entered Level 5 of the Vaults
 96372 | Vaults:5 | Reached skill level 15 in Stealth
 96502 | Vaults:4 | Reached skill level 22 in Earth Magic
 96716 | Vaults:5 | Reached skill level 5 in Translocations
 97015 | Vaults:5 | Cast into level 3 of the Abyss (a deep elf sorcerer)
 97510 | Vaults:5 | Escaped the Abyss
 97694 | Vaults:4 | Lost mutation: You occasionally shout uncontrollably at
                  | your foes. [potion of mutation]
 97694 | Vaults:4 | Gained mutation: You sometimes lose the ability to read
                  | scrolls when taking damage. [potion of mutation]
 97694 | Vaults:4 | Gained mutation: Your muscles are strong. (Str +2) [potion
                  | of mutation]
 97694 | Vaults:4 | Gained mutation: You have large cloven feet. [potion of
                  | mutation]
 97695 | Vaults:4 | Lost mutation: You sometimes lose the ability to read
                  | scrolls when taking damage. [potion of mutation]
 97695 | Vaults:4 | Lost mutation: Your muscles are strong. (Str +2) [potion of
                  | mutation]
 97695 | Vaults:4 | Lost mutation: You have large cloven feet. [potion of
                  | mutation]
 97695 | Vaults:4 | Gained mutation: You have hidden genetic potential. [potion
                  | of mutation]
 97695 | Vaults:4 | Gained mutation: Your flesh is cold resistant. (rC+)
                  | [potion of mutation]
 97695 | Vaults:4 | Lost mutation: You have hidden genetic potential. [potion
                  | of mutation]
 97695 | Vaults:4 | Gained mutation: You have a pair of small antennae on your
                  | head. [potion of mutation]
 98120 | Shoals:1 | Bought a +1 hat for 187 gold pieces
 98810 | Vaults:5 | Identified the +9 dagger of Harmony {antimagic, Fragile rC+
                  | Int+2 Dex+4}
 99256 | Vaults:5 | Found Kymaudd's Magic Scroll Boutique.
 99262 | Vaults:5 | Identified the +8 trident "Lasum" {venom, rC+ rN+ SInv}
 99365 | Vaults:5 | Reached XP level 25. HP: 153/153 MP: 39/39
 99441 | Vaults:5 | Got a silver rune of Zot
 99442 | Vaults:5 | Identified the +6 falchion of Qusus {vorpal, *Noise rElec
                  | rF+ Dex+3}
 99446 | Vaults:5 | Got the Grimoire of the Creative Frostbite
 99701 | Vaults:5 | Found Poyf's Distillery.
 99701 | Vaults:5 | Found Kecimy's Distillery.
 99706 | Vaults:5 | Bought a potion of heal wounds for 105 gold pieces
 99706 | Vaults:5 | Bought 2 potions of mutation for 336 gold pieces
 99706 | Vaults:5 | Bought a potion of heal wounds for 105 gold pieces
 99994 | Vaults:5 | Acquired a staff of conjuration
100077 | Vaults:5 | Identified the +0 chain mail of the Postmodern Beds {Dex+5}
100185 | Vaults:5 | Got the Guide on the Compass
100407 | Vaults:5 | Identified the +8 chain mail of Impermeability {rPois rF+}
100826 | Zot:1    | Entered Level 1 of the Realm of Zot
101436 | Zot:1    | Acquired a staff of earth
104177 | Zot:4    | Noticed a Killer Klown
104182 | Zot:4    | Killed a Killer Klown
104370 | Zot:4    | Reached skill level 15 in Shields
104552 | Zot:4    | Reached skill level 23 in Earth Magic
104677 | Zot:4    | Found a runed translucent gate.
104677 | Zot:4    | Found a runed translucent gate.
104677 | Zot:4    | Found a runed translucent gate.
104681 | Zot:4    | Noticed Snilsmaster12's ghost (legendary VSFi)
104681 | Zot:4    | Noticed Fusonup's ghost (veteran MiBe)
105566 | Zot:4    | Reached XP level 26. HP: 160/160 MP: 23/40
105906 | Zot:5    | Entered Level 5 of the Realm of Zot
105957 | Zot:5    | Reached skill level 15 in Fighting
106659 | Zot:5    | Found a runed translucent door.
106661 | Zot:5    | Noticed kulik242's ghost (legendary MiHu)
107048 | Zot:5    | Noticed a dread lich
107165 | Zot:5    | Noticed an orb of fire
107169 | Zot:5    | Killed an orb of fire
107171 | Zot:5    | Killed a dread lich
107171 | Zot:5    | Noticed an orb of fire
107180 | Zot:5    | Killed an orb of fire
107304 | Zot:5    | Noticed an orb of fire
107405 | Zot:5    | Noticed an orb of fire
107610 | Zot:5    | Killed an orb of fire
107981 | Zot:5    | Killed an orb of fire
107982 | Zot:5    | Reached skill level 15 in Armour
108029 | Zot:5    | Noticed an ancient lich
108073 | Zot:5    | Killed an ancient lich
108116 | Zot:5    | Noticed an orb of fire
108117 | Zot:5    | Gained mutation: You sometimes lose the ability to read
                  | scrolls when taking damage. [an orb of fire]
108119 | Zot:5    | Killed an orb of fire
108121 | Zot:5    | Noticed an orb of fire
108123 | Zot:5    | Noticed an orb of fire
108125 | Zot:5    | Gained mutation: You tend to lose your temper in combat.
                  | [an orb of fire]
108126 | Zot:5    | Killed an orb of fire
108126 | Zot:5    | Gained mutation: You are dopey. (Int -2) [an orb of fire]
108128 | Zot:5    | Gained mutation: Potions are less effective at restoring
                  | your health. [an orb of fire]
108174 | Zot:4    | Lost mutation: Your flesh is cold resistant. (rC+) [potion
                  | of mutation]
108174 | Zot:4    | Lost mutation: You sometimes lose the ability to read
                  | scrolls when taking damage. [potion of mutation]
108174 | Zot:4    | Lost mutation: You tend to lose your temper in combat.
                  | [potion of mutation]
108174 | Zot:4    | Gained mutation: You are clumsy. (Dex -2) [potion of
                  | mutation]
108174 | Zot:4    | Lost mutation: Potions are less effective at restoring your
                  | health. [potion of mutation]
108176 | Zot:5    | Gained mutation: Potions are less effective at restoring
                  | your health. [an orb of fire]
108178 | Zot:5    | Killed an orb of fire
108226 | Zot:4    | Lost mutation: You have a pair of small antennae on your
                  | head. [potion of mutation]
108226 | Zot:4    | Lost mutation: You are clumsy. (Dex -2) [potion of
                  | mutation]
108226 | Zot:4    | Gained mutation: You have large cloven feet. [potion of
                  | mutation]
108226 | Zot:4    | Gained mutation: Your skin changes colour to match your
                  | surroundings (Stealth+). [potion of mutation]
108227 | Zot:4    | Lost mutation: You have large cloven feet. [potion of
                  | mutation]
108227 | Zot:4    | Lost mutation: You are dopey. (Int -2) [potion of mutation]
108227 | Zot:4    | Gained mutation: You are frail. (-10% HP) [potion of
                  | mutation]
108227 | Zot:4    | Lost mutation: Your skin changes colour to match your
                  | surroundings (Stealth+). [potion of mutation]
108388 | Zot:5    | Noticed a Killer Klown
108393 | Zot:5    | Killed a Killer Klown
108519 | Zot:5    | Noticed a Killer Klown
108541 | Zot:5    | Killed a Killer Klown
108768 | Zot:5    | Noticed an orb of fire
108786 | Zot:5    | Killed an orb of fire
109262 | Zot:5    | Reached skill level 24 in Earth Magic
109625 | Zot:5    | Reached XP level 27. HP: 149/149 MP: 38/41
110226 | Zot:5    | Noticed an orb of fire
110404 | Zot:5    | Gained mutation: You are very frail. (-20% HP) [an orb of
                  | fire]
110406 | Zot:5    | Killed an orb of fire
110518 | Zot:5    | Got the Orb of Zot
110658 | Zot:1    | Noticed Eneodghir the pandemonium lord
110733 | Depths:2 | Noticed Xajon the pandemonium lord
110751 | Depths:1 | Killed Xajon the pandemonium lord
111296 | D:$      | Escaped with the Orb!

Illustrated notes

Levels and vault maps discovered:
D:1:      dpeg_arrival_snail, layout_basic, serial_shops, shop, shop,
          nicolae_shop_crystal, nicolae_shop_statue_plus,
          nicolae_shop_waterfront, minmay_misc_feat_nine_boxes, st_stairs_10
D:2:      layout_basic, basic_altar, minmay_hedge_maze
D:3:      layout_loops_corners
D:4:      layout_loops_ring, mainiacjoe_overflow_paths, uniq_sigmund
D:5:      layout_loops_cross, guppyfry_early_lair_pool
D:6:      layout_basic, kennysheep_generic_room_9, uniq_pikel
D:7:      layout_loops_corners, minmay_temple_entry_stoned_glass,
          chequers_ossuary_entry_cave, nicolae_alphabet_shops,
          hangedman_decor_opposing, uniq_crazy_yiuf_cottage, uniq_joseph
D:8:      layout_basic, enter_bailey_5, uniq_harold, uniq_prince_ribbit1
D:9:      layout_roguey
D:10:     layout_stronghold, minmay_lair_entry_grove, hiddenorc1_lemuel,
          minmay_misc_feat_tower, hangedman_misty_isle
D:11:     layout_grid_maze, special_room [special_room_kobold],
          minmay_microvault
D:12:     layout_roguey, uniq_jorgrun
D:13:     layout_layer_cave, erik_vaults_2, special_room [special_room_bee],
          minmay_gold_behind_fungi, uniq_josephine
D:14:     layout_loops_ring, special_room [special_room_orc],
          portal_ice_cave_entry_pillars_four,
          nicolae_concentric_dashed_squares_wild, nicolae_shop_overcharged_wands
D:15:     hangedman_depths_entry_try_elsewhere_first, layout_loops_corners,
          minmay_door_square, enter_trove_6, serial_undead, serial_undead_b,
          serial_undead_b, serial_undead_e, serial_undead_f
Temple:   mainiacjoe_temple_archimedes_tessellation
Lair:1:   layout_layer_cave, fungi_pond_lemuel, serial_bayou_crossing
Lair:2:   layout_regular_city, grunt_megastairs_4
Lair:3:   layout_regular_city, enter_volcano_3, gammafunk_ghost_ooze
Lair:4:   cheibrodos_lair_overgrown_chateau, layout_loops_ring,
          elwin_shoals_entry_rooms, minmay_snake_entry_guardpost_medium,
          basic_altar, minmay_holes
Lair:5:   layout_hall_layers, slime_altar_1, dpeg_oklob_1, uniq_rupert,
          uniq_urug
Lair:6:   hangedman_lair_in_review, layout_big_grid,
          hangedman_lair_caniforms_friends, gammafunk_ghost_split,
          hangedman_lair_generics_rect
Shoals:1: nicolae_shoals_mermall, layout_shoals
Shoals:2: layout_shoals, serial_shops, shop, shop_statue,
          nicolae_shop_behind_doors, shop_statue, nicolae_shop_advertising_works
          [nicolae_subvault_shop_adworks], uniq_roxanne
Shoals:3: cheibrodos_shoals_epimethial_gifts, layout_shoals,
          nicolae_shoals_lost_giant_temple, uniq_ilsuiw
Shoals:4: shoals_end_hellmonk_storm_palace [storm_palace_center_square,
          storm_palace_corner_narrow, storm_palace_corner_altar,
          storm_palace_corner_narrow, storm_palace_corner_altar], uniq_nikola
Snake:1:  layout_layer_cave, serial_bayou_pond_b, drop_trap,
          serial_bayou_pond_c, hangedman_corner_corridor, serial_bayou_shore_a
Snake:2:  layout_layer_cave
Snake:3:  layout_grid_maze, gammafunk_ghost_wrathful_warriors
Snake:4:  snake_pit, layout_onion_interference
Orc:1:    layout_caves
Orc:2:    grunt_orc_cross, layout_diamond_mine, serial_shops,
          nicolae_shop_hallway_plus, hellmonk_guarded_unrand_dark_maul
Vaults:1: v_alt_pattern_3, dpeg_vaults_monster_box, v_pattern_5, v_misc_3,
          vaults_mumra_chevron, v_misc_24, v_misc_11, ontoclasm_vaults_twist,
          nicolae_vaults_yaktaur_gun_rack, vaults_dpeg_encased_lava,
          layout_vaults_quadrants, serial_shops, nicolae_square_shop
Vaults:2: v_alt_pattern_5, nicolae_vaults_good_morning_starshine,
          vaults_dpeg_hooks, v_misc_33, ontoclasm_vaults_decontamination,
          v_misc_31, v_misc_25, hangedman_vaults_locks, layout_vaults_omnicross,
          uniq_margery, uniq_xtahua
Vaults:3: minmay_crypt_entry_simple_round, v_alt_pattern_2,
          ontoclasm_vaults_ring_small, vaults_dpeg_spiral, v_misc_13,
          grunt_vaults_twisty, nicolae_vaults_specimen_jars, vaults_room_pool,
          nicolae_vaults_network_square, vaults_room_door_hall,
          ontoclasm_vaults_shout, ontoclasm_vaults_loading_screen,
          ontoclasm_vaults_shuriken, v_misc_24, layout_vaults_omnibox,
          serial_shops, shop_statue
Vaults:4: advil_vaults_ghost_guards, vaults_mumra_minichess, v_misc_3,
          nicolae_vaults_disjoint_gnomons, hangedman_vaults_unwind,
          ontoclasm_vaults_misaligned, nicolae_vaults_mini_display_case,
          nicolae_vaults_asterisk, v_misc_29, vaults_dpeg_cross,
          vaults_dpeg_doors, layout_vaults_maze_bifur
Vaults:5: serial_shops
Depths:1: layout_cave_shapes, good_gods_temple_1, rand_demon_pan_entry_3,
          grunt_hell_entry_demonic_statue, hangedman_decor_riveting,
          serial_bayou_ford_a, nicolae_uskayaw_suspiria, uniq_asterion,
          uniq_mara
Depths:2: cheibrodos_tormentor_scu, layout_cave_pools, enter_ziggurat_f,
          grunt_pan_entry_in_and_out, serial_bayou, serial_bayou_pond_b,
          serial_bayou_pond_d, serial_bayou_shore_b, serial_bayou_pond_d,
          grunt_hell_entry_dis_grunt, hangedman_decor_lopped, uniq_enchantress
Depths:3: minmay_three_patterns, layout_gridlike, abyss_entry_small_statue_room,
          hell_entry, corexii_leaking_fountain,
          minmay_guarded_unrand_zonguldrok, infiniplex_staircase_zigzag_2
Depths:4: grunt_twist_and_shout, layout_gridlike, special_room
          [special_room_magic_class], serial_shops, bzr_entry_safe,
          gammafunk_ghost_tricky_traps, hell_entry
Zot:1:    layout_concentric_octagons
Zot:2:    layout_onion
Zot:3:    layout_onion_interference, grunt_megastairs_2
Zot:4:    layout_gridlike, gammafunk_ghost_cemetery
Zot:5:    layout_basic, ebering_ghost_inner_flame

Skill      XL: |  1  2  3  4  5  6  7  8  9 10 11 12 13 14 15 16 17 18 19 20 21 22 23 24 25 26 27 |
---------------+----------------------------------------------------------------------------------+-----
Transmutations | 1 2 3 4 5 |  5.0
Earth Magic    | 4 5 6 7 8 9 10 11 12 13 14 15 16 17 18 19 20 21 22 23 24 | 24.2
Spellcasting   | 3 4 5 6 7 8 9 10 11 12 13 14 | 14.1
Conjurations   | 1 2 3 5 6 8 9 11 12 13 14 15 16 17 18 19 20 21 22 | 22.0
Fire Magic     | 1 2 4 5 7 8 10 11 12 13 14 15 16 17 18 | 18.1
Shields        | 2 3 4 5 6 7 8 9 10 11 12 13 14 15 | 15.9
Armour         | 3 4 5 6 7 8 9 10 11 12 13 14 15 | 15.4
Fighting       | 3 4 5 6 7 8 9 10 11 12 13 14 15 | 15.7
Dodging        | 3 4 5 6 7 8 9 10 11 12 | 12.2
Stealth        | 4 5 6 7 8 9 10 11 12 13 14 15 16 | 16.9
Translocations | 2 4 5 6 |  6.0

Action                   |  1- 3 |  4- 6 |  7- 9 | 10-12 | 13-15 | 16-18 | 19-21 | 22-24 | 25-27 || total
-------------------------+-------+-------+-------+-------+-------+-------+-------+-------+-------++-------
Melee: Unarmed           |    14 |       |       |       |       |       |       |       |       ||    14
       Dagger            |    14 |       |       |       |       |       |       |       |       ||    14
       Punch             |     1 |       |       |       |       |       |       |       |       ||     1
       Whip              |    14 |    32 |       |       |       |       |       |       |       ||    46
       Mace              |       |     8 |    13 |       |       |       |       |       |       ||    21
       Scythe            |       |     4 |       |       |       |       |       |       |       ||     4
       Trident           |       |       |     5 |    27 |    30 |       |       |       |     7 ||    69
       Demon trident     |       |       |       |       |    30 |   157 |    11 |    48 |       ||   246
       Staff             |       |       |       |       |       |       |       |       |     1 ||     1
 Cast: Sandblast         |    54 |    30 |   119 |    13 |    36 |     6 |       |     7 |       ||   265
       Passwall          |     2 |     2 |     1 |       |    13 |     9 |       |     6 |     7 ||    40
       Stone Arrow       |       |       |    58 |   293 |   668 |   679 |   555 |   494 |     9 ||  2756
       Magic Dart        |       |       |       |    67 |    50 |     9 |     3 |     4 |    21 ||   154
       Conjure Flame     |       |       |       |     7 |    22 |     2 |     1 |     1 |       ||    33
       Lee's Rapid Decon |       |       |       |       |    51 |   158 |   238 |   233 |    43 ||   723
       Starburst         |       |       |       |       |    27 |    13 |    50 |   135 |    17 ||   242
       Fireball          |       |       |       |       |    26 |   157 |   170 |   113 |    24 ||   490
       Lehudib's Crystal |       |       |       |       |       |       |       |    30 |   369 ||   399
       Blink             |       |       |       |       |       |       |       |     1 |     1 ||     2
       Shatter           |       |       |       |       |       |       |       |    28 |    13 ||    41
Evoke: Wand              |       |       |       |       |       |       |       |     1 |       ||     1
  Use: Scroll            |       |     9 |    10 |    10 |     9 |    11 |     1 |    10 |    10 ||    70
       Potion            |       |       |     1 |     3 |     3 |     2 |     1 |     6 |     9 ||    25
 Stab: Sleeping          |     1 |     3 |       |       |       |       |       |       |       ||     4
Armor: Robe              |    16 |    19 |    28 |       |       |       |       |       |       ||    63
       Ring mail         |       |       |     2 |    42 |       |       |       |       |       ||    44
       Leather armour    |       |       |       |     7 |   120 |       |       |       |       ||   127
       Fire dragon scale |       |       |       |       |       |   233 |   125 |   332 |   102 ||   792
       Acid dragon scale |       |       |       |       |       |       |       |    20 |       ||    20
Dodge: Dodged            |    36 |    30 |    38 |    52 |   100 |    80 |   100 |   224 |    53 ||   713
Block: Buckler           |       |       |    11 |    58 |     3 |       |       |       |       ||    72
       Reflection        |       |       |       |     1 |    25 |    90 |    57 |    21 |       ||   194
       Kite shield       |       |       |       |       |   229 |       |       |    10 |     2 ||   241
       Tower shield      |       |       |       |       |     1 |   626 |   426 |   647 |   133 ||  1833
